 Dungeon Crawl Stone Soup version 0.30.0-29-ga12c61a403 (webtiles) character file.

Game seed: 10432522075118663767

127 BONEBRO the Chopper (level 5, -3/47 HPs)
             Began as a Hill Orc Fighter on June 14, 2023.
             Killed from afar by a steam dragon (23 damage)
             ... with a ball of steam
             ... on level 3 of the Dungeon.
             The game lasted 00:05:34 (1839 turns).

BONEBRO the Chopper (Hill Orc Fighter)              Turns: 1839, Time: 00:05:35

Health: -3/47      AC: 11    Str: 21    XL:     5   Next: 11%
Magic:  5/5        EV:  9    Int:  8    God:
Gold:   132        SH:  5    Dex: 16    Spells: 4/4 levels left

rFire   . . .        a - +0 war axe
rCold   . . .        c - +0 buckler
rNeg    . . .        b - +0 scale mail
rPois   .            (no helmet)
rElec   .            r - +0 cloak
rCorr   .            (no gloves)
SInv    .            j - +2 pair of boots
Will    .....        (no amulet) Stlth
                     k - +6 ring of dexterity
HPRegen 0.27/turn    (no ring)
MPRegen 0.09/turn

%: no passive effects
@: no status effects
A: no striking features
a: no special abilities


You were on level 3 of the Dungeon.
You visited 1 branch of the dungeon, and saw 3 of its levels.

You collected 132 gold pieces.

Inventory:

Hand Weapons
 a - a +0 war axe (weapon)
Armour
 b - a +0 scale mail (worn)
 c - a +0 buckler (worn)
 j - a +2 pair of boots (worn)
 r - a +0 cloak (worn)
Jewellery
 k - a +6 ring of dexterity (left hand)
 t - a ring of wizardry
Scrolls
 e - a scroll of brand weapon {unknown}
 i - a scroll of poison {unknown}
 l - a scroll of fear {unknown}
 m - 4 scrolls of identify {unknown}
 n - a scroll of amnesia {unknown}
 o - a scroll of fog {unknown}
 q - a scroll of teleportation {unknown}
Potions
 d - a potion of might
 f - a potion of mutation {unknown}
 g - a potion of attraction {unknown}
 h - a potion of berserk rage {unknown}
 p - 2 potions of brilliance {unknown}
 s - a potion of haste {unknown}


   Skills:
 + Level 4.3 Fighting
 + Level 5.0 Axes
 + Level 4.1 Armour
 + Level 0.2 Dodging
 + Level 3.7 Shields


You had 4 spell levels left.
You didn't know any spells.
Your spell library contained the following spells:

 Spells                   Type           Power      Damage    Failure   Level
 Slow                     Hex            0%         N/A       80%         1
 Confusing Touch          Hex            0%         N/A       99%         3
 Inner Flame              Hex/Fire       0%         N/A       99%         3
 Vampiric Draining        Necr           0%         2d6       99%         3
 Flame Wave               Conj/Fire      0%         2d4       100%        4
 Sticky Flame             Conj/Fire      0%         2d3       100%        4


Dungeon Overview and Level Annotations

Branches:
Dungeon (3/15)

Altars:
Hepliaklqana


Message History

The endoplasm misses you.
You slash the endoplasm!
You kill the endoplasm!
The steam dragon bites you. The steam dragon claws you.
You hit the steam dragon but do no damage.
The steam dragon barely misses you. The steam dragon closely misses you.
The steam dragon bites you but does no damage.
The steam dragon barely misses you.
You closely miss the steam dragon. The steam dragon closely misses you.
The steam dragon claws you but does no damage.
You barely miss the steam dragon. The steam dragon breathes steam at you.
The ball of steam hits you!
You closely miss the steam dragon. The steam dragon closely misses you.
You block the steam dragon's attack.
The steam dragon bites you but does no damage.
The steam dragon barely misses you.
You slash the steam dragon!
The steam dragon is moderately wounded.
You block the steam dragon's attack.
The steam dragon claws you but does no damage.
You slash the steam dragon!
The steam dragon is severely wounded.
The steam dragon barely misses you.
The steam dragon claws you but does no damage.
You closely miss the steam dragon.
The steam dragon is severely wounded.
The steam dragon breathes steam at you. The ball of steam hits you!
You hit the steam dragon.
The steam dragon is severely wounded.
You are engulfed in a cloud of scalding steam.
The steam dragon bites you but does no damage.
The steam dragon barely misses you. You block the steam dragon's attack. x2
You closely miss the steam dragon.
The steam dragon is severely wounded.
You are engulfed in a cloud of scalding steam.
The steam dragon breathes steam at you. The ball of steam hits you!!
You die...

#.# #. ######### #.#.#.
#.......# ...#.####
##.......# #......##
#...)....# #...>...##
#........# ####...#...###
#........#
.......#.....###....)...#
.......§.§.......#'######
.......#@....#####.# #.
.......D......# #.# #.
.........###..####.#####.
.......#.. #..........÷..
.......#.#.#######)#####.
.......#.#.......))....#.
.......#.###...<...###.#.
..... #.##........###.#.
#### #.##.........#....


You could see a steam dragon (catching breath).

Vanquished Creatures
  Jessica (D:3)
  3 adders (D:2)
  2 worms (D:2)
  A dart slug (D:2)
  2 orcs (D:3)
  7 endoplasms
  5 giant cockroaches
  5 goblins (D:2)
  7 hobgoblins
  7 kobolds
  3 quokkas
  3 ball pythons
  6 bats
  A frilled lizard (D:3)
  7 rats
60 creatures vanquished.

Notes
Turn   | Place    | Note
-------+----------+-------------------------------------------
     0 | D:1      | BONEBRO the Hill Orc Fighter began the quest for the Orb.
     0 | D:1      | Reached XP level 1. HP: 19/19 MP: 1/1
   231 | D:1      | Reached XP level 2. HP: 27/27 MP: 2/2
   365 | D:1      | Reached skill level 3 in Axes
   454 | D:1      | Reached XP level 3. HP: 33/33 MP: 3/3
   838 | D:2      | Reached skill level 4 in Axes
   838 | D:2      | Reached XP level 4. HP: 28/40 MP: 4/4
  1382 | D:3      | Noticed Jessica
  1404 | D:3      | Killed Jessica
  1405 | D:3      | Reached XP level 5. HP: 36/47 MP: 5/5
  1451 | D:3      | Found a hazy altar of Hepliaklqana.
  1509 | D:3      | Reached skill level 5 in Axes
  1684 | D:3      | Noticed a steam dragon
  1839 | D:3      | Killed from afar by a steam dragon

Illustrated notes

Levels and vault maps discovered:
D:1:      elethiomel_arrival_quiet, layout_basic
D:2:      layout_rooms, hangedman_decor_diamond_cutter,
          hangedman_feature_mirror, st_stairs_2
D:3:      layout_basic, mainiacjoe_overflow_concentric_impassable,
          marbit_many_paths, serial_shops, shop, uniq_jessica

Skill      XL: |  1  2  3  4  5 |
---------------+----------------+-----
Axes           | 3 4 5 |  5.0
Fighting       | 4 |  4.3
Armour         | 4 |  4.1
Dodging        | |  0.2
Shields        | |  3.7

Action                     |  1- 3 |  4- 6 || total
---------------------------+-------+-------++-------
  Melee: War axe           |   106 |    62 ||   168
 Armour: Scale mail        |    44 |    35 ||    79
  Dodge: Dodged            |    50 |    32 ||    82
  Block: Buckler           |    36 |    20 ||    56
